 Dungeon Crawl Stone Soup version 0.19.0-19-g8c6edcc (webtiles) character file.

1035 Monkfish the Covert (level 8, -2/73 HPs)
             Began as a Kobold Berserker on Nov 12, 2016.
             Was a Priest of Trog.
             Killed by divine providence
             ... invoked by an orc priest
              (13 damage)
             ... on level 5 of the Dungeon.
             The game lasted 00:06:53 (4261 turns).

Monkfish the Covert (Kobold Berserker)              Turns: 4261, Time: 00:06:54

Health: -2/73      AC:  5    Str: 23    XL:     8   Next: 48%
Magic:  8/8        EV: 17    Int:  8    God:    Trog [***...]
Gold:   260        SH:  0    Dex: 16    Spells: 0 memorised, 7 levels left

rFire  . . .     SeeInvis +     n - +0 dagger (speed)
rCold  . . .     Gourm    .     m - +0 leather armour
rNeg   . . .     Faith    .     (shield restricted)
rPois  .         Spirit   .     (no helmet)
rElec  .         Reflect  .     q - +0 cloak
rCorr  .         Harm     .     t - +0 pair of gloves
MR     ++...                    (no boots)
Stlth  ..........               (no amulet)
                                l - ring of see invisible
                                h - +3 ring of strength

@: berserking, regenerating, very quick
A: carnivore 3
a: Berserk, Trog's Hand, Burn Spellbooks, Renounce Religion


You were on level 5 of the Dungeon.
You worshipped Trog.
Trog was most pleased with you.
You were not hungry.

You visited 1 branch of the dungeon, and saw 5 of its levels.

You collected 260 gold pieces.

Inventory:

Hand Weapons
 n - a +0 dagger of speed (weapon)
Armour
 m - a +0 leather armour (worn)
 q - a +0 cloak (worn)
 t - a +0 pair of gloves (worn)
Jewellery
 h - a +3 ring of strength (left hand)
 l - a ring of see invisible (right hand)
Wands
 o - a wand of flame (25/48)
 s - a wand of slowing (25/48)
Scrolls
 a - a scroll of magic mapping
 e - 2 scrolls of teleportation
 f - a scroll of identify
 g - 5 scrolls of remove curse
Potions
 b - 2 potions of invisibility
 i - a potion of agility
 p - a potion of cancellation
 u - a potion of brilliance
Comestibles
 c - a meat ration
 j - a slice of pizza
 k - a beef jerky
 r - a royal jelly


   Skills:
 + Level 5.0 Fighting
 + Level 7.9 Short Blades
 - Level 1.5 Armour
 + Level 5.0 Dodging
 * Level 8.1 Stealth


You had 7 spell levels left.
You didn't know any spells.

Dungeon Overview and Level Annotations

Branches:
Dungeon (5/15)
 Temple: D:4-7

Altars:
Cheibriados
Dithmenos
Gozag
Kikubaaqudgha
Uskayaw
The Shining One


Innate Abilities, Weirdness & Mutations

You are small and have problems with some larger weapons.
You are carnivorous and can eat meat at any time.


Message History

You closely miss the orc. You puncture the orc!
You kill the orc!
Trog accepts your kill.
You puncture the orc warrior!
The orc warrior is heavily wounded.
The orc warrior closely misses you.
You hit the orc warrior.
The orc warrior is heavily wounded.
The orc wizard casts a spell.
The orc wizard blinks!
You closely miss the orc warrior.
The orc warrior is heavily wounded.
You hit the orc warrior but do no damage.
The orc warrior is heavily wounded.
You hit the orc priest.
The orc priest is lightly wounded.
The orc priest invokes the aid of Beogh against you.
Beogh smites you!
You die...

........>.)[.......#
.#######.##........# [#
#.###.......#### .# ...
#..#.......# ..#
....##..#o......# ....
.....##..........#
..##......##.#........#
####......##...#.######
##..#@# #..oo#
###.#.ยง###
#........#####
#.............
#......###.### #......#
# #######.<# .........#
##


You could see an orc warrior, an orc priest and an orc wizard.

Vanquished Creatures
  Grinder (D:5)
  A water moccasin (D:5)
  An ogre (D:5)
  A bullfrog (D:4)
  A scorpion (D:4)
  A crimson imp (D:4)
  A bullfrog zombie (D:4)
  2 orc priests (D:5)
  2 hounds (D:5)
  4 orc wizards (D:5)
  An iguana (D:5)
  A worker ant (D:4)
  2 gnolls (D:4)
  4 adders
  5 oozes
  An adder zombie (D:5)
  3 worms (D:2)
  2 dart slugs (D:4)
  5 leopard geckos
  12 orcs
  5 bats
  4 bat zombies (D:4)
  8 giant cockroaches
  7 goblins
  4 hobgoblins
  6 jackals
  8 kobolds
  2 quokkas
  A ball python (D:4)
  4 frilled lizards
  A quokka zombie (D:5)
  7 rats
  2 rat zombies (D:4)
110 creatures vanquished.

Notes
Turn   | Place    | Note
-------+----------+-------------------------------------------
     0 | D:1      | Monkfish the Kobold Berserker began the quest for the Orb.
     0 | D:1      | Reached XP level 1. HP: 14/14 MP: 1/1
    64 | D:1      | Reached skill level 1 in Stealth
    64 | D:1      | Reached XP level 2. HP: 19/19 MP: 2/2
   641 | D:1      | Reached XP level 3. HP: 23/23 MP: 3/3
  1177 | D:2      | Reached ** piety under Trog
  1220 | D:2      | Found a hide-covered altar of Uskayaw.
  1269 | D:2      | Reached skill level 2 in Stealth
  1378 | D:2      | Reached XP level 4. HP: 20/29 MP: 4/4
  1410 | D:2      | Found a glowing golden altar of the Shining One.
  1471 | D:2      | Reached skill level 3 in Stealth
  1767 | D:2      | Reached skill level 5 in Short Blades
  1855 | D:3      | Found an opulent altar of Gozag.
  2387 | D:3      | Reached XP level 5. HP: 33/33 MP: 5/5
  2583 | D:4      | Found a shadowy altar of Dithmenos.
  2608 | D:4      | Noticed a bullfrog
  2623 | D:4      | Killed a bullfrog
  2623 | D:4      | Reached skill level 4 in Stealth
  2700 | D:4      | Reached skill level 5 in Stealth
  2700 | D:4      | Reached XP level 6. HP: 32/38 MP: 6/6
  2821 | D:4      | Found an ancient bone altar of Kikubaaqudgha.
  3266 | D:4      | Reached *** piety under Trog
  3331 | D:4      | Found a snail-covered altar of Cheibriados.
  3349 | D:4      | Reached XP level 7. HP: 43/43 MP: 7/7
  3380 | D:5      | Entered Level 5 of the Dungeon
  3404 | D:5      | Reached skill level 6 in Stealth
  3564 | D:5      | Noticed Grinder
  3564 | D:5      | Paralysed by Grinder for 5 turns
  3586 | D:5      | Killed Grinder
  3600 | D:5      | Noticed a water moccasin
  3758 | D:5      | Reached skill level 7 in Stealth
  3804 | D:5      | Reached XP level 8. HP: 48/48 MP: 8/8
  4209 | D:5      | Reached skill level 5 in Fighting
  4209 | D:5      | Reached skill level 5 in Dodging
  4209 | D:5      | Reached skill level 8 in Stealth
  4261 | D:5      | Killed from afar by an orc priest

Skill      XL: |  1  2  3  4  5  6  7  8 |
---------------+-------------------------+-----
Stealth        | 1 2 3 5 7 8 |  8.1
Short Blades   | 5 6 7 |  7.9
Dodging        | 3 4 5 |  5.0
Fighting       | 4 5 |  5.0
Armour         | |  1.5

Action                   |  1- 3 |  4- 6 |  7- 9 || total
-------------------------+-------+-------+-------++-------
Melee: Short sword       |   113 |    82 |       ||   195
       Dagger            |       |   160 |   253 ||   413
Invok: Berserk           |     1 |     4 |     5 ||    10
       Trog's Hand       |     1 |     2 |     8 ||    11
       Burn Spellbooks   |       |     1 |       ||     1
  Use: Scroll            |     3 |    10 |     2 ||    15
       Potion            |     1 |     1 |     3 ||     5
 Stab: Sleeping          |     7 |    10 |     1 ||    18
       Distracted        |       |     1 |     1 ||     2
  Eat: Chunk             |     4 |    17 |     3 ||    24
Armor: Animal skin       |    14 |       |       ||    14
       Leather armour    |       |    34 |    11 ||    45
Dodge: Dodged            |    78 |   124 |   125 ||   327
